[Event "*** Titled Tuesday Blitz"]
[Site "Chess.com"]
[Date "2021.03.09"]
[Round "9"]
[White "rpragchess"]
[Black "VitaliyBernadskiy"]
[Result "0-1"]
[WhiteElo "2913"]
[BlackElo "2785"]
[TimeControl "180+1"]
[EndTime "11:50:03 PST"]
[Termination "VitaliyBernadskiy won on time"]

1. Nf3 a6 2. d4 b5 3. e4 Bb7 4.
Bd3 e6 5. O-O c5 6. c3 Nf6 7.
Re1 Be7 8. Nbd2 d5 9. e5 Nfd7 10. Nf1 Nc6 11. Ng3 g6 12. Bh6 c4 13. Bc2 b4 14.
Qd2 a5 15. Ba4 Nb6 16. Bb5 Kd7 17. a4 Kc7 18. Qf4 Qg8 19. Rec1 b3 20. h4 Na7 21. Ng5 Nxb5 22. axb5 Bxg5 23. Bxg5 Qe8 24. h5 a4 25.
Ra3 Bc8 26. h6 Bd7 27. Ne2 Bxb5 28. Kh2 Nc8 29. Ng1 Bc6 30. Nf3 Na7 31. Bf6 Rg8 32. Ng5 Nb5 33. Rca1 Nxa3 34. Rxa3 Qf8 35. Bg7 Rxg7 36.
hxg7 Qxg7 37. Qf6 Qxf6 38. exf6 Be8 39. Nf3 h6 40. Ne5 Kd6 41. Kg3 Rb8 42. Kg4 Ra8 43.
f4 Rb8 44. Kh4 Ra8 45. Ng4 Rb8 46. Nxh6 e5 47. fxe5+ Ke6 48. Ra1 Ra8 49. Ra3 Bd7 50. Kg5 Rh8 51. Ra1 Rb8 52. Ng4 Rh8 53. Nh6 Ra8 54. g3 a3 55. bxa3 b2 56. Rb1 Rb8 57. Ng4 Ba4 58. Ne3 Rb3 59. Nd1 Rxa3 60. Nxb2 Bc2 61. Rc1 Rxc3 62. Kf4 g5+ 63. Kxg5 Rxg3+ 64. Kf4 Rg2 65. Ra1 Be4 66. Ra6+ Kd7 67. Na4 Rf2+ 68. Kg5 Rg2+ 69. Kf4 Rf2+ 70. Ke3 Rf3+ 71. Ke2 c3 72.
e6+ fxe6 73. Nc5+ Kc8 74. f7 c2 75. Kd2 Rf2+ 76. Ke3 Rf3+ 77. Kd2 Rf2+ 78. Ke3 c1=Q+ 79. Kxf2 Qf4+ 80. Ke2 Qf3+ 81. Kd2 Qf2+ 82. Kc1 Kc7 0-1

[Event "*** Titled Tuesday Blitz"]
[Site "Chess.com"]
[Date "2021.03.09"]
[Round "9"]
[White "tlomigtlis"]
[Black "Slovak_fighter2000"]
[Result "1-0"]
[WhiteElo "2591"]
[BlackElo "2418"]
[TimeControl "180+1"]
[EndTime "11:50:03 PST"]
[Termination "tlomigtlis won on time"]

1. d4 Nf6 2. c4 c5 3. d5 b5 4.
cxb5 a6 5. bxa6 Bxa6 6. Nc3 g6 7. e4 Bxf1 8. Kxf1 d6 9. Nf3 Bg7 10. g3 O-O 11. Kg2 Nbd7 12. a4 Qa5 13. Qc2 Rfb8 14. Bd2 Ng4 15. Nb5 Qb6 16. Bc3 Nge5 17. Nxe5 Nxe5 18.
b3 Rb7 19. h3 Nd7 20. Bxg7 Kxg7 21. Qc3+ Kg8 22. h4 h5 23. Rhb1 Qa5 24. Qc2 Qb4 25. Re1 Ne5 26. Rac1 c4 27. bxc4 Qxa4 28. Qc3 Rc8 29.
Qa3 Rxc4 30. Rxc4 Qxb5 31. Rc8+ Kg7 32. Qa8 Qb4 33. Rg8+ Kf6 34. Qf8 e6 35. Qd8+ Re7 36. Re8 Qb7 37. dxe6 Kxe6 38. Rxe7+ Qxe7 39. Qxe7+ Kxe7 40. Rd1 Ng4 41. Ra1 Ke6 42. Ra5 Nf6 43. Kf3 Ng4 44. Ke2 Nf6 45. f3 Nd7 46. Ke3 Ne5 47. Ra4 Nd7 48. Kd4 Nc5 49. Ra8 Nb3+ 50. Ke3 Nc5 51. f4 Nd7 52. Re8+ Kf6 53. Kd4 Nb6 54. Rd8 Ke7 55.
Rb8 Nd7 56. Rb7 Ke6 57. Rb8 Nf6 58. Rb6 Ke7 59. e5 dxe5+ 60. fxe5 Ng4 61. Kd5 Ne3+ 62. Ke4 Nf5 63. Kf4 Kf8 64. Kg5 Kg7 65. g4 hxg4 66.
Kxg4 Ne3+ 67. Kf3 Nf5 68. h5 gxh5 69. Kf4 Nd4 70. Kg5 Nf3+ 71. Kf4 Nd4 72. Rb1 Ne6+ 73. Kf5 h4 74. Rh1 Nd4+ 75. Ke4 Ne6 76. Rxh4 Kf8 77. Kf5 Ke7 78. Ra4 Ng7+ 79. Ke4 Ne6 80. Ra7+ Kf8 81. Kf5 Kg7 82. Ra6 Nd4+ 83. Ke4 Ne6 84. Rc6 Ng5+ 85. Kd5 Nf3 86. Rc7 Ng5 87. Re7 Kg6 88. Ra7 Kf5 89. Ra6 Ne4 90. Ra7 1-0

[Event "*** Titled Tuesday Blitz"]
[Site "Chess.com"]
[Date "2021.03.09"]
[Round "9"]
[White "Magila31"]
[Black "Ghost_Pepper"]
[Result "1/2-1/2"]
[WhiteElo "2233"]
[BlackElo "2384"]
[TimeControl "180+1"]
[EndTime "11:50:05 PST"]
[Termination "Game drawn by repetition"]

1. d4 Nf6 2. c4 g6 3. Nc3 d5 4. cxd5 Nxd5 5. Bd2 Nb6 6. Bf4 Bg7 7. e3 c5 8. dxc5 Bxc3+ 9. bxc3 Qxd1+ 10. Rxd1 N6d7 11. Bh6 Nc6 12. Nf3 Nxc5 13. Bb5 Bd7 14. O-O f6 15. h4 O-O-O 16. Nd4 Nxd4 17. Bxd7+ Rxd7 18. cxd4 Ne4 19.
Bf4 b6 20. f3 Nd6 21. Rc1+ Kb7 22. d5 Nf5 23. e4 Nd4 24. Kf2 Rc8 25. Rxc8 Kxc8 26.
Rc1+ Kb7 27. Ke3 e5 28. Bh2 Nb5 29. g4 Nd6 30. g5 fxg5 31. hxg5 Nf7 32. Rc6 Rc7 33.
Re6 Rc3+ 34. Kd2 Rxf3 35. Bxe5 Nxg5 36. Re7+ Kc8 37. Bd4 Ra3 38. e5 Nf3+ 39. Kc2 Nxd4+ 40. Kb2 Re3 41. d6 Nc6 42. Rc7+ Kd8 43. Rxc6 Rxe5 44. Rc7 a5 45. Rxh7 Re6 46. d7 Rd6 47. Rg7 Kc7 48.
a4 Kc6 49. d8=Q Rxd8 50. Rxg6+ Kc5 51. Rg5+ Rd5 52. Rg6 Rd4 53. Kb3 Rd3+ 54. Kb2 Rd6 55. Rg5+ Kc4 56. Rb5 Rh6 57. Ka3 Rg6 58. Ka2 Rf6 59. Ka3 Rc6 60. Ka2 Kc3 61. Ka3 Kc2 62. Ka2 Kc1 63. Kb3 Kd2 64. Rd5+ Ke3 65. Re5+ Kd4 66. Rb5 Rc3+ 67. Kb2 Rc4 68. Kb3 Rc6 69.
Kb2 Kc4 70. Ka3 Rd6 71. Kb2 Re6 72. Ka3 Re3+ 73. Kb2 Re2+ 74. Ka3 Re1 75. Rxb6 Ra1+ 76. Kb2 Rxa4 77. Rc6+ Kb5 78. Rh6 Re4 79. Rh5+ Kb4 80. Rh3 a4 81. Ka2 Re2+ 82. Kb1 Re4 83. Kb2 Rg4 84. Ka2 a3 85. Kb1 Ka4 86. Rh8 Rg1+ 87. Ka2 Rg2+ 88. Kb1 a2+ 89. Ka1 Kb3 90. Rb8+ Kc3 91. Rc8+ Kb3 92. Rb8+ Ka3 93. Ra8+ Kb3 94. Rb8+ 1/2-1/2

[Event "*** Titled Tuesday Blitz"]
[Site "Chess.com"]
[Date "2021.03.09"]
[Round "9"]
[White "Mrlammy"]
[Black "NiranjanNavalgund"]
[Result "0-1"]
[WhiteElo "2316"]
[BlackElo "2457"]
[TimeControl "180+1"]
[EndTime "11:50:06 PST"]
[Termination "NiranjanNavalgund won by checkmate"]

1. e4 e5 2. Nf3 Nc6 3. Bb5 a6 4. Bxc6 dxc6 5. O-O Bg4 6. h3 Bxf3 7. Qxf3 Qd7 8. Qg3 f6 9. d3 g5 10. Nc3 h5 11. h4 gxh4 12. Qxh4 O-O-O 13. Qh3 Qxh3 14. gxh3 Bc5 15. Be3 Bb6 16. Bxb6 cxb6 17. f4 Rh7 18. fxe5 fxe5 19. Kh2 Ne7 20. Rf6 Kc7 21. Raf1 Kd7 22. Rf7 Rxf7 23. Rxf7 Rg8 24. Rh7 Rg5 25. h4 Rg4 26.
Rxh5 Ng6 27. Rg5 Rxh4+ 28. Kg3 Rh6 29. Ne2 c5 30. Ng1 Ke6 31. Nf3 a5 32. a4 Kd6 33.
Kg4 Ke6 34. b3 Kd6 35. Kf5 Ne7+ 36. Kg4 Nc6 37. Nd2 Rh2 38. Nc4+ Kc7 39. Rg7+ Kb8 40.
Nxb6 Rxc2 41. Nd7+ Ka7 42. Kf5 Rc3 43. Nxe5 Nxe5 44.
Kxe5 Rxd3 45. Rc7 Kb6 46. Rc8 Rxb3 47. Kd5 Rd3+ 48. Ke5 Rd4 49. Kf4 Rxa4 50. Ke3 Ra1 51. Kd2 Rh1 52. e5 Rh5 53. e6 Re5 54. Re8 Kc6 55.
e7 Kb6 56. Kd3 a4 57. Kc4 a3 58. Kb3 Re3+ 59. Ka2 c4 60. Rc8 Rxe7 61. Rxc4 Re3 62. Ra4 Kc5 63. Ra7 b5 64. Rc7+ Kb4 65. Rc1 Re2+ 66.
Ka1 Kb3 67. Rb1+ Rb2 68. Rc1 Ra2+ 69. Kb1 Rd2 70. Ka1 b4 71. Re1 Ka4 72. Rf1 Re2 73.
Rd1 b3 74. Rd4+ Kb5 75. Rd5+ Kc4 76. Rd1 Kc3 77. Rc1+ Rc2 78. Rh1 b2+ 79. Kb1 Rf2 80. Rh3+ Kb4 81. Rh4+ Kc5 82. Rh5+ Kd4 83. Rh4+ Ke3 84.
Rh3+ Rf3 85. Rh1 Kf2 86. Ka2 Kg2 87. Rd1 Rf1 88. Rd2+ Kf3 89. Rd3+ Ke4 90. Rb3 Ra1# 0-1

[Event "*** Titled Tuesday Blitz"]
[Site "Chess.com"]
[Date "2021.03.09"]
[Round "9"]
[White "miredenizdogan"]
[Black "Isajevsky_Anton"]
[Result "0-1"]
[WhiteElo "2258"]
[BlackElo "2454"]
[TimeControl "180+1"]
[EndTime "11:50:20 PST"]
[Termination "Isajevsky_Anton won by resignation"]

1. b4 d5 2. Bb2 Nf6 3. e3 Bg4 4. Be2 Bxe2 5. Qxe2 c6 6. Nf3 Qb6 7. a3 a5 8. c4 axb4 9. c5 Qxc5 10. axb4 Rxa1 11.
O-O Qa7 12. Bxa1 Qxa1 13. Nc3 Qa7 14. b5 e6 15. bxc6 Nxc6 16. Nb5 Qb8 17. Rc1 Bd6 18. Nxd6+ Qxd6 19. Qb5 Qe7 20. Ne5 O-O 21. Nxc6 bxc6 22. Rxc6 h6 23. h3 Qa7 24. Ra6 Qb8 25. Rb6 Qe5 26.
d4 Qf5 27. Rb7 Ne4 28. Qb2 Rc8 29. f3 Nd6 30. Rb8 Qd3 31. Rb3 Qd1+ 32. Kh2 Nc4 33. Qa2 Nd2 34. Rb2 Nf1+ 35. Kh1 Nxe3+ 36. Kh2 Nf1+ 37. Kh1 Qxd4 38. Qa6 Rc1 39. Rb8+ Kh7 40. Qc8 Ne3+ 41. Qxc1 f5 42. Qb1 Qd2 43. Rb2 Qd4 44.
Qc1 f4 45. Rd2 Qf6 46. Qb1+ Qg6 47. Qxg6+ Kxg6 48. Kg1 Kf6 49. Kf2 g5 50. Ra2 h5 51.
Ra5 Kf5 52. g4+ hxg4 53. hxg4+ Kf6 54. Ra6 Nc4 55. Rc6 Ne5 56. Rd6 Nd3+ 57. Ke2 Nc1+ 58. Kd2 Nb3+ 59. Kc3 Nc5 60. Rc6 Nd7 61. Kd4 Ne5 62.
Rc3 Nc4 63. Rb3 Ke7 64. Rd3 Kd6 65. Rc3 e5+ 66. Kd3 Kc5 67. Rb3 e4+ 68. fxe4 dxe4+ 69. Ke2 Kd4 70. Rb8 f3+ 71. Kf2 Ne5 72. Rd8+ Kc4 73.
Ke3 Nxg4+ 74. Kxe4 f2 75. Rf8 Kc3 76. Rf5 Kd2 77. Rf3 Ke2 78. Rxf2+ Nxf2+ 79. Kf5 g4 80. Kf4 Kf1 81. Kg3 Kg1 82. Kf4 Kg2 83. Kg5 g3 84.
Kf5 Nh3 85. Ke4 Kh2 86. Ke5 g2 87. Ke4 g1=Q 88. Ke5 Qg2 0-1

[Event "*** Titled Tuesday Blitz"]
[Site "Chess.com"]
[Date "2021.03.09"]
[Round "9"]
[White "Shahaliyev"]
[Black "ukchessbomber"]
[Result "1-0"]
[WhiteElo "2648"]
[BlackElo "2534"]
[TimeControl "180+1"]
[EndTime "11:50:23 PST"]
[Termination "Shahaliyev won by resignation"]

1. Nf3 Nf6 2. b3 g6 3. Bb2 Bg7 4. e3 O-O 5. Be2 d5 6. O-O c5 7. c4 Nc6 8. cxd5 Qxd5 9. Nc3 Qd8 10. Rc1 b6 11. d4 cxd4 12. Nb5 Bb7 13. Nfxd4 Nxd4 14. Qxd4 Qxd4 15. Bxd4 Nd5 16. Bxg7 Kxg7 17. Bf3 Rac8 18.
Nxa7 Rxc1 19. Rxc1 Ra8 20. Nc6 Bxc6 21. Rxc6 Rxa2 22.
g4 Nb4 23. Rxb6 Nd3 24. Kg2 Rxf2+ 25. Kg3 Rb2 26. Bd5 e6 27. Bc4 Ne5 28. Rb5 Nxc4 29. bxc4 Rc2 30. Rc5 Kf6 31. g5+ Ke7 32. Rc7+ Ke8 33.
h4 Rc1 34. Kf4 Rh1 35. Ke5 Rxh4 36. Kd6 Kf8 37. c5 Re4 38. c6 Rxe3 39. Rc8+ Kg7 40.
Rd8 Rd3+ 41. Ke7 Rc3 42. Kd7 Rd3+ 43. Kc8 Rg3 44. c7 Rxg5 45. Kd7 Rc5 46. c8=Q Rxc8 47. Rxc8 h5 48. Kd6 Kf6 49. Rc1 Kg5 50. Rf1 h4 51. Ke5 f5 52. Rg1+ Kh5 53. Kf4 Kh6 54.
Re1 g5+ 55. Kf3 Kh5 56. Rxe6 h3 57. Kg3 g4 58. Re8 Kg6 59. Rg8+ Kf6 60. Kf4 Ke6 61. Rg6+ Kf7 62. Rh6 Kg7 63. Ra6 Kf7 64. Rh6 Kg7 65. Rd6 Kf7 66. Rd1 Kg6 67. Ra1 Kf7 68. Ra7+ Kg6 69.
Ra6+ Kf7 70. Kg3 Kg7 71. Re6 Kf7 72. Rh6 Kg7 73. Rb6 Kf7 74. Rb5 Kg6 75. Kf4 Kg7 76. Rb7+ Kf6 77. Rb6+ Kg7 78. Rc6 Kf7 79. Rc5 Kg6 80. Rd5 h2 81. Rd1 Kh5 82. Kg3 Kg5 83.
Kxh2 f4 84. Kg2 Kf5 85. Ra1 Ke4 86. Ra4+ Ke3 87. Ra3+ Ke4 88. Ra8 g3 89. Re8+ Kf5 90.
Kf3 Kg5 91. Rg8+ Kf5 92. Rf8+ Ke5 93. Rxf4 g2 94. Rg4 1-0

[Event "*** Titled Tuesday Blitz"]
[Site "Chess.com"]
[Date "2021.03.09"]
[Round "9"]
[White "enriquetejedor"]
[Black "Kurkusha"]
[Result "1/2-1/2"]
[WhiteElo "2547"]
[BlackElo "2385"]
[TimeControl "180+1"]
[EndTime "11:50:27 PST"]
[Termination "Game drawn - insufficient material"]

1. e4 e5 2. Nf3 Nc6 3. d4 exd4 4. Bc4 Bc5 5. c3 Nf6 6. cxd4 Bb4+ 7. Bd2 Nxe4 8. Bxb4 Nxb4 9. Bxf7+ Kxf7 10. Qb3+ Kf8 11. Qxb4+ Qe7 12. Qxe7+ Kxe7 13. Nc3 Nf6 14. O-O-O Re8 15.
Rhe1+ Kd8 16. Ng5 d6 17. Nf7+ Kd7 18. Ng5 h6 19. Rxe8 Kxe8 20. Re1+ Kf8 21. Ne6+ Bxe6 22. Rxe6 Kf7 23. Re2 c6 24. Kd2 Rd8 25. Kd3 Rd7 26.
f3 Nh5 27. g3 Nf6 28. d5 c5 29.
a4 b6 30. a5 b5 31. Nxb5 Nxd5 32. Kc4 Nb4 33. Rd2 Ke7 34. Re2+ Kd8 35. Rd2 Ke7 36. Nc3 a6 37. Re2+ Kf6 38. Rd2 Ke6 39. Re2+ Kf5 40. Nd5 Nc6 41. g4+ Kg6 42. f4 Nxa5+ 43. Kd3 Nc6 44.
Re8 Kf7 45. Rc8 Ne7 46. Nxe7 Kxe7 47. Ra8 Rb7 48. Kc3 Rb6 49. g5 hxg5 50. fxg5 Kf7 51.
h4 Kg6 52. Rd8 Rc6 53. Rh8 Rc7 54. Rd8 Rc6 55. Kc4 Rb6 56. b3 Rb4+ 57. Kc3 Rd4 58. Ra8 Rxh4 59. Rxa6 Rd4 60. Ra7 Kxg5 61. Rxg7+ Kf6 62.
Ra7 Ke6 63. Ra1 Kd5 64. Rh1 Re4 65. Ra1 Kc6 66. Ra6+ Kd5 67. Ra8 Re3+ 68. Kc2 Rf3 69.
Rh8 Kd4 70. Rh4+ Kd5 71. Rh6 Kc6 72. Rh4 d5 73. Rh8 Kb5 74. Rb8+ Kc6 75. Rc8+ Kd6 76.
Kb2 Ke5 77. Rxc5 Kd4 78. Ra5 Rf2+ 79. Ka3 Rf8 80. Ra7 Rd8 81. b4 Kc4 82. Rc7+ Kb5 83. Rc5+ Kb6 84. Kb3 d4 85. Rc1 d3 86. Rd1 Kb5 87.
Kc3 d2 88. Kc2 Kxb4 89. Rxd2 Rxd2+ 90. Kxd2 1/2-1/2

[Event "*** Titled Tuesday Blitz"]
[Site "Chess.com"]
[Date "2021.03.09"]
[Round "9"]
[White "SaraciNderim"]
[Black "PopMilan95"]
[Result "0-1"]
[WhiteElo "2782"]
[BlackElo "2639"]
[TimeControl "180+1"]
[EndTime "11:50:33 PST"]
[Termination "PopMilan95 won by resignation"]

1. d4 Nf6 2. Nf3 g6 3. c4 Bg7 4. Nc3 O-O 5. g3 d6 6. Bg2 Nc6 7. O-O Bg4 8. d5 Na5 9. Nd2 c5 10. dxc6 Nxc6 11. Rb1 Qd7 12. b3 Bh3 13. Bb2 Bxg2 14.
Kxg2 Rfd8 15. e4 e6 16. Nf3 d5 17. exd5 exd5 18. c5 d4 19. Nb5 Ne4 20. Qc2 d3 21. Qc4 Bxb2 22. Qxe4 Bf6 23. Nd6 Be7 24. Qxd3 Bxd6 25.
cxd6 Qxd6 26. Qxd6 Rxd6 27. b4 Rad8 28. b5 Nd4 29.
Nxd4 Rxd4 30. Rfc1 R8d7 31. Rc8+ Kg7 32. Rb2 R4d6 33.
a4 b6 34. Rbc2 Rd4 35. R8c4 Rxc4 36. Rxc4 Re7 37. Kf3 h5 38. Kf4 Kf6 39. f3 Rd7 40. h4 Kg7 41. Ke4 Kf6 42. Rc6+ Ke7 43. g4 hxg4 44. fxg4 Kf8 45. h5 gxh5 46. gxh5 Kg7 47. h6+ Kh7 48. Ke5 Kh8 49. Kf5 Kh7 50. Ke4 Kh8 51.
a5 bxa5 52. Ra6 Kh7 53. Ke5 Rb7 54. Rxa5 Kxh6 55. Kf6 Kh7 56. Ra1 Kg8 57. Ke5 Rxb5+ 58. Kd6 Rb6+ 59. Kc7 Re6 60. Kd7 a6 61. Rg1+ Kf8 62.
Rf1 Rg6 63. Rb1 Kg7 64. Ke7 a5 65. Ra1 Re6+ 66. Kd7 Ra6 67. Ke7 Ra7+ 68. Kd6 a4 69. Ke5 a3 70. Kf5 a2 71. Ke5 Ra4 72. Kf5 f6 73.
Ke6 Ra6+ 74. Kf5 Kf7 75. Ke4 Ra5 76. Kd4 f5 77. Kc4 Kf6 78. Kd4 Ra8 79. Kd5 Ra4 80.
Kc5 f4 81. Kb5 Ra8 82. Kb4 f3 83. Kb3 f2 84. Kb2 Ke5 85. Kc2 Ke4 86. Kd2 Kf3 87. Kd3 Rd8+ 88. Kc3 Re8 89. Kc2 Re1 0-1

[Event "*** Titled Tuesday Blitz"]
[Site "Chess.com"]
[Date "2021.03.09"]
[Round "9"]
[White "lachesisQ"]
[Black "Zhuu96"]
[Result "1/2-1/2"]
[WhiteElo "3091"]
[BlackElo "2914"]
[TimeControl "180+1"]
[EndTime "11:50:35 PST"]
[Termination "Game drawn - insufficient material"]

1. e4 c5 2. Nf3 d6 3. d4 cxd4 4. Nxd4 Nf6 5. Nc3 a6 6. Be2 e6 7. Nb3 Be7 8. g4 h6 9. h4 b5 10. a3 Bb7 11. Bf3 Nfd7 12. g5 Ne5 13. gxh6 gxh6 14.
Bh5 Bxh4 15. Be3 Nbc6 16. Qe2 Nc4 17. Bxf7+ Kxf7 18. Qh5+ Ke7 19. Rxh4 Nxe3 20. fxe3 Qb6 21. Qe2 Ne5 22. O-O-O Raf8 23. Nd4 Rf7 24. Qh2 Rf6 25. Kb1 b4 26. axb4 Qxb4 27. Rg1 Rhf8 28. Rxh6 Rf1+ 29.
Nd1 Qe1 30. Rh7+ Nf7 31. Rxf1 Qxf1 32. Kc1 Qf6 33. Nc3 Ke8 34. b3 Bc8 35. Kb2 Qg5 36.
Nc6 Qc5 37. Nd4 Qg5 38. Qh3 Qg6 39. Rh4 Bd7 40. Qf1 Qg5 41. Rf4 Qa5 42. Rf6 Qe5 43. Rf2 Qa5 44. Qc4 Ne5 45. Rxf8+ Kxf8 46. Qf1+ Ke7 47.
Qg1 Qb4 48. Qg5+ Ke8 49. Nde2 a5 50. Kc1 Qc5 51. Qf6 Qxe3+ 52. Kb1 Qd2 53. Qh8+ Ke7 54. Qh4+ Ke8 55. Qh8+ Ke7 56. Qa8 a4 57. bxa4 Nc4 58. Qh8 Na3+ 59. Kb2 Nxc2 60. Qh4+ Ke8 61. Qh8+ Ke7 62.
Qh4+ Ke8 63. Qh5+ Ke7 64. Qh7+ Kd8 65. Kb3 Ne3 66. Qh8+ Kc7 67. Qd4 Qc2+ 68. Ka3 Ng4 69. Qc4+ Kd8 70. Nd4 Qd2 71. Ndb5 Ne5 72. Qc7+ Ke7 73.
Kb4 Qb2+ 74. Ka5 Nc6+ 75. Kb6 Qf2+ 76. Kb7 Qc5 77. Qb6 Nd8+ 78. Ka7 Nc6+ 79. Kb7 Nb4 80. Qxc5 dxc5 81. Kb6 c4 82. Kc5 Na6+ 83. Kxc4 Kd8 84.
e5 Kc8 85. Nd6+ Kc7 86. Ncb5+ Kb6 87. Nc3 Nb8 88. Nf7 Nc6 89. Ne4 Be8 90. Ned6 Bxf7 91.
Nxf7 Ka5 92. Kb3 Nd4+ 93. Kc3 Nc6 94. Kb3 Nd4+ 95. Ka3 Nc6 96. Ng5 Nxe5 97. Nxe6 Nc4+ 98. Kb3 Nb6 99. Nc5 Nxa4 1/2-1/2

[Event "*** Titled Tuesday Blitz"]
[Site "Chess.com"]
[Date "2021.03.09"]
[Round "9"]
[White "CSB7"]
[Black "marianokar"]
[Result "1-0"]
[WhiteElo "2606"]
[BlackElo "2489"]
[TimeControl "180+1"]
[EndTime "11:50:45 PST"]
[Termination "CSB7 won by resignation"]

1. d4 Nf6 2. Bf4 c5 3. d5 d6 4. Nc3 g6 5. e4 Bg7 6. Qd2 h5 7. f3 Na6 8. O-O-O Nc7 9. h4 b5 10. Nxb5 Nxb5 11. Bxb5+ Bd7 12. Bc4 Rb8 13. c3 O-O 14. Bh6 Qa5 15. g4 Bb5 16. Bxb5 Rxb5 17. Bxg7 Qxa2 18. b4 Qa1+ 19. Kc2 Qa4+ 20. Kd3 Kxg7 21.
Ne2 cxb4 22. Ra1 bxc3 23. Qxc3 Qb3 24. g5 Rc8 25. gxf6+ exf6 26. Qxb3 Rxb3+ 27. Kd2 Rb2+ 28. Ke3 Rcc2 29. Rhe1 Rc7 30. Reb1 Rbc2 31. Rc1 Rxc1 32. Nxc1 Rc3+ 33. Nd3 Rc7 34. Nb4 Rc3+ 35. Kf2 f5 36. exf5 gxf5 37. Rxa7 Rc4 38. Nc6 Rxh4 39. Nd8 Kg6 40.
Nxf7 Rd4 41. Nxd6 Rxd5 42. Nc4 f4 43. Ra6+ Kf5 44. Ke2 Rc5 45. Nd2 Rc3 46. Ra5+ Kg6 47. Ne4 Re3+ 48. Kf2 Rb3 49. Rg5+ Kh6 50. Rf5 Rb2+ 51.
Kg1 h4 52. Rxf4 h3 53. Rh4+ Kg6 54. Rxh3 Kf5 55. Nf2 Kf4 56. Kg2 Ke3 57. f4+ Kxf4 58.
Rf3+ Kg5 59. Kg3 Ra2 60. Ne4+ Kg6 61. Rf6+ Kg7 62. Rb6 Ra3+ 63. Kf4 Ra1 64. Ke5 Ra5+ 65. Kf4 Ra1 66. Ng3 Ra4+ 67. Kg5 Ra1 68. Nf5+ Kf7 69.
Rf6+ Ke8 70. Re6+ Kd7 71. Kf6 Kc7 72. Re7+ Kc6 73. Re6+ Kd5 74. Rd6+ Kc5 75. Rd8 Kc6 76. Nd4+ Kc7 77. Ne6+ Kc6 78. Ke7 Re1 79. Rd6+ Kb5 80.
Kd7 Kc4 81. Kc6 Kb3 82. Nd4+ Kb2 83. Kb5 Rh1 84. Kc4 Rh8 85. Rb6+ Ka2 86. Kc3 Rc8+ 87. Kd3 Ka3 88. Nb5+ Ka4 89. Nd6 Ka5 90. Nxc8 Ka4 91. Rb1 Ka3 92. Rc1 Ka2 93. Rh1 Kb3 94. Nd6 Kb4 95. Ne4 Kb3 96. Nc3 Kb2 97. Rb1+ Ka3 98. Nd1 Ka2 99. Kc2 Ka3 100. Rb2 Ka4 101. Kc3 Ka5 1-0

[Event "*** Titled Tuesday Blitz"]
[Site "Chess.com"]
[Date "2021.03.09"]
[Round "9"]
[White "BegmuratovKh2010"]
[Black "onnoelgersma"]
[Result "1/2-1/2"]
[WhiteElo "2542"]
[BlackElo "2407"]
[TimeControl "180+1"]
[EndTime "11:50:45 PST"]
[Termination "Game drawn by 50-move rule"]

1. e4 c6 2. d3 d5 3. Nd2 e5 4.
Ngf3 Bg4 5. Be2 Bxf3 6. Nxf3 Nd7 7. O-O Ngf6 8. Bg5 Bd6 9. exd5 cxd5 10. c4 d4 11. Nd2 O-O 12. Bf3 Rb8 13. a4 Be7 14. Qe2 Re8 15. Rfe1 a5 16. Bxf6 Bxf6 17. Ne4 Be7 18.
Bg4 Nc5 19. Nxc5 Bxc5 20. Bf5 g6 21. Be4 Qd6 22. Qf3 b6 23. Bd5 Rf8 24. Re4 Kh8 25. Rae1 Rbe8 26. Qg3 Bb4 27. R1e2 f6 28. Rh4 f5 29.
Qh3 Re7 30. Rh6 Qf6 31. Qg3 Bc5 32. Qf3 Rfe8 33. Bc6 Rf8 34. Rh3 Kg7 35. Bd5 e4 36. dxe4 fxe4 37. Qxf6+ Rxf6 38. Rxe4 Rxe4 39. Bxe4 Re6 40. f3 d3+ 41. Kf1 d2 42. Ke2 Bb4 43. Kd1 Rd6 44. Rh4 Rd4 45. b3 h5 46.
g4 hxg4 47. Rxg4 Rd6 48. h4 Kh6 49. Rg5 Rf6 50. Rd5 Rf4 51. Rg5 Rxh4 52. Rxg6+ Kh5 53. Rg1 Rh2 54. f4 Rf2 55. f5 Bc3 56. Bd3 Kh4 57.
Be2 Rxf5 58. Rg4+ Kh3 59. Rg1 Rf4 60. Kc2 Bb4 61. Bd3 Rf3 62. Rd1 Re3 63. Rh1+ Kg2 64. Rd1 Re1 65. Bf5 Kf2 66. Bd3 Rxd1 67. Kxd1 Ke3 68.
Bf5 Kd4 69. Be6 Kc3 70. Bd5 Kd4 71. Bf7 Kc5 72. Ke2 Kd6 73. Bg6 Kc5 74. Bc2 Kd6 75.
Kd3 Kc5 76. Ke4 Ba3 77. Bd1 Bb4 78. Ke5 Ba3 79. Ke6 Bb4 80. Ke5 Ba3 81. Ke4 Bb4 82.
Kd3 Ba3 83. Kxd2 Bb4+ 84. Kd3 Ba3 85. Ke4 Bb4 86. Ke5 Ba3 87. Bf3 Bb4 88. Bd5 Ba3 89. Ke4 Bb4 90. Kd3 Ba3 91. Kc2 Bb4 92. Kb2 Be1 93. Be4 Bb4 94. Bc2 Be1 95. Kc1 Bb4 96. Kd1 Ba3 97. Ke2 Bb4 98. Ke3 Ba3 99. Bb1 Bb4 100. Bg6 Ba3 101. Bf7 Bb4 102. Bd5 Ba3 103. Ke4 Bb4 104. Ke5 Ba3 105. Ke6 Bb4 106. Kd7 Ba3 107. Kc7 Bb4 108. Kb7 Ba3 109. Ka6 Bb4 110. Kb7 Ba3 111. Kc7 Bb4 112. Kd7 Ba3 113. Ke7 Bb4 114. Ke6 Ba3 115.
Ke5 Bb4 116. Ke4 Ba3 117. Ke3 Bb4 118. Kd3 Ba3 119. Kc2 Bb4 120. Kb2 Be1 121. Be4 Bb4 122. Bb1 Be1 123. Ba2 Bb4 124. Bb1 Be1 125. Kc2 Bb4 126. Kd1 Ba3 127. Bc2 Bb4 128. Kc1 Ba3+ 129. Kb1 Bb4 130. Bd3 Be1 131. Kc2 Bb4 132. Kd1 Ba3 133. Ke2 1/2-1/2

[Event "*** Titled Tuesday Blitz"]
[Site "Chess.com"]
[Date "2021.03.09"]
[Round "9"]
[White "TimofeevAr"]
[Black "PaulfromSPb"]
[Result "1/2-1/2"]
[WhiteElo "2873"]
[BlackElo "2731"]
[TimeControl "180+1"]
[EndTime "11:51:05 PST"]
[Termination "Game drawn by 50-move rule"]

1. c4 e5 2. e3 Nc6 3. Nc3 Nf6 4. d3 Be7 5. Nf3 d5 6. cxd5 Nxd5 7. Be2 O-O 8. O-O Be6 9. a3 f5 10. Qc2 a6 11.
Rd1 Qe8 12. e4 Nxc3 13. bxc3 Qg6 14. Be3 Rad8 15. exf5 Qxf5 16. Nd2 Nd4 17. cxd4 exd4 18. Bxd4 Rxd4 19. Ne4 c5 20. Bf3 Qg6 21. Qe2 b5 22. Re1 Bd5 23. Qe3 Bd8 24. g3 Bb6 25. Bg2 h6 26. Qe2 Qc6 27. Rac1 Kh8 28. h4 a5 29. Kh2 b4 30. axb4 axb4 31. f4 b3 32. Rb1 Rb4 33.
Qh5 Rd4 34. Re3 c4 35. dxc4 Bxe4 36. Rxe4 Rxe4 37. Qf3 Rfe8 38. Rxb3 Qc5 39. Qxe4 Rxe4 40. Bxe4 Qxc4 41. Rxb6 Qxe4 42. Rb2 Kh7 43. Rf2 Kg6 44. f5+ Kf6 45. Kg1 Qd3 46. Kg2 Qd5+ 47. Kh2 Ke5 48. Kg1 Qd4 49. Kg2 Qe4+ 50. Kh2 Qd4 51. Kg2 Qe3 52. Rf1 Qd3 53. Rf2 Qd5+ 54. Kh2 Ke4 55.
f6 Qf7 56. Rf4+ Ke3 57. fxg7 Qxg7 58. Kg2 Qb2+ 59. Kh3 Qd2 60. Rf7 Qd5 61. Rf4 h5 62.
Kh2 Ke2 63. Kg1 Kd3 64. Kh2 Qa2+ 65. Kg1 Qa1+ 66. Kg2 Ke3 67. Rf3+ Ke4 68. Rf4+ Kd3 69. Rf3+ Kc4 70. Rf4+ Kd5 71. Kh2 Qb2+ 72. Kg1 Qc1+ 73. Kg2 Qa1 74. Kh2 Ke5 75. Kg2 Qb2+ 76. Kg1 Qe2 77.
Rf2 Qd1+ 78. Kg2 Ke4 79. Rf4+ Kd3 80. Kh2 Ke3 81. Kg2 Qa1 82. Kh2 Qb1 83. Kg2 Qb2+ 84. Kg1 Qc1+ 85. Kg2 Qd2+ 86. Kg1 Qd5 87. Rf6 Qd4 88.
Rf4 Qc5 89. Kh2 Ke2 90. Kg2 Qc6+ 91. Kh2 Qd7 92. Kg2 Qd5+ 93. Kh2 Ke3 94. Kg1 Qg8 95. Kh2 Qc8 96. Kg2 Qa8+ 97. Kg1 Ke2 98. Kh2 Qa3 99. Kg2 Qc5 100. Kh2 Qc8 101. Kg2 Ke3 102. Rf3+ Kd2 103. Rf2+ Kd3 104. Rf3+ Ke4 105. Rf4+ Ke5 106. Kh2 Qc6 107. Kg1 Qg6 108. Kg2 Qd3 109. Kh2 Qe2+ 110. Kg1 Qd2 111. Rf2 Qd4 1/2-1/2

[Event "*** Titled Tuesday Blitz"]
[Site "Chess.com"]
[Date "2021.03.09"]
[Round "9"]
[White "bylavochka"]
[Black "andrzej"]
[Result "1/2-1/2"]
[WhiteElo "2226"]
[BlackElo "2365"]
[TimeControl "180+1"]
[EndTime "11:51:06 PST"]
[Termination "Game drawn by repetition"]

1. e4 c5 2. Nf3 Nc6 3. d4 cxd4 4. Nxd4 g6 5. c4 Nf6 6. Nc3 Nxd4 7. Qxd4 d6 8. f3 Bg7 9. Be3 O-O 10. Qd2 a5 11.
Be2 a4 12. Rc1 Qa5 13. O-O Be6 14. b3 axb3 15. axb3 Qb4 16. Nd5 Qxd2 17. Nxe7+ Kh8 18. Bxd2 Rfe8 19. Nd5 Nxd5 20. cxd5 Bxd5 21. Bb5 Bc6 22.
Bxc6 Bd4+ 23. Kh1 bxc6 24. Rxc6 Ra2 25. Bc3 Bxc3 26. Rxc3 d5 27. exd5 Ree2 28. Rg1 Red2 29. h3 Rxd5 30. Kh2 Rdd2 31. h4 h5 32. Kg3 Rab2 33.
Rc7 Kg7 34. Rb7 Rd3 35. b4 Rdb3 36. Re1 Rxb4 37. Ra7 Rb7 38. Re7 Rxa7 39. Rxa7 Rb6 40.
Ra5 Kf6 41. Rc5 Re6 42. Ra5 Kg7 43. Rc5 Rf6 44. Ra5 Rb6 45. Rc5 Kf6 46. Ra5 Re6 47. Rc5 Re1 48. Ra5 Rb1 49. Ra6+ Kg7 50. Rc6 Rb5 51. Ra6 Rf5 52. Rc6 Kh6 53. Ra6 f6 54.
Ra7 g5 55. Ra6 Kg7 56. hxg5 fxg5 57. Ra7+ Kg6 58. Ra6+ Rf6 59. Ra5 Rd6 60. Rb5 Ra6 61. Rc5 Rd6 62. Rb5 h4+ 63. Kh3 Rd4 64. Ra5 Kh5 65.
Rb5 Rd1 66. g3 hxg3 67. Kxg3 Rd3 68. Ra5 Rb3 69. Rc5 Rd3 70. Ra5 Kg6 71. Ra6+ Kf5 72. Ra5+ Kf6 73. Ra6+ Kg7 74. Rb6 Rd5 75. Kg4 Ra5 76.
Rc6 Kh7 77. Rb6 Kg7 78. Rc6 Kh7 79. Rf6 Kg7 80. Rf5 Ra4+ 81. Kxg5 Ra1 82. Rb5 Rg1+ 83. Kf5 Rh1 84. Rb7+ Kf8 85. Kg5 Ra1 86. f4 Ra6 87. f5 Rc6 88. Rb8+ Kf7 89. Rh8 Kg7 90. Rb8 Kf7 91.
Rb7+ Kf8 92. Ra7 Rb6 93. Ra8+ Kf7 94. Ra1 Rc6 95. Ra7+ Kf8 96. f6 Rc1 97. Ra8+ Kf7 98. Ra7+ Kf8 99. Kf5 Rf1+ 100. Kg6 Rg1+ 101. Kf5 Rf1+ 102.
Kg6 Rg1+ 103. Kf5 Rf1+ 1/2-1/2